 Dungeon Crawl Stone Soup version 0.23.2-1-ga50397a6bc (webtiles) character file.

Game seed: 5728500457018210031

2027 Mrkan the Thrower (level 9, -9/86 HPs)
             Began as a Troll Hunter on May 25, 2019.
             Was a Believer of Okawaru.
             Mangled by a two-headed ogre
             ... wielding a +0 giant club
              (10 damage)
             ... on level 7 of the Dungeon.
             The game lasted 00:15:33 (5754 turns).

Mrkan the Thrower (Troll Hunter)                    Turns: 5754, Time: 00:15:34

Health: -9/86      AC:  7    Str: 22      XL:     9   Next: 3%
Magic:  8/8        EV: 10    Int:  5 (7)  God:    Okawaru [**....]
Gold:   395        SH:  4    Dex: 15      Spells: 8/8 levels left

rFire    . . .     SeeInvis .   (no weapon)
rCold    . . .     Gourm    +   (no shield)
rNeg     . . .     Faith    .   b - +0 robe
rPois    .         Spirit   .   (helmet restricted)
rElec    .         Reflect  .   l - +0 cloak
rCorr    .         Harm     .   (gloves unavailable)
MR       .....                  (boots unavailable)
Stlth    +++.......             (no amulet)
HPRegen  0.64/turn              z - +3 ring of slaying
MPRegen  0.11/turn              F - ring of stealth

@: lightly drained
A: large, unfitting armour, claws 3, large bone plates 1, thin skeletal
structure 1, deterioration 1, fast metabolism 3, gourmand, regeneration 1,
robust 1, shaggy fur 1, tough skin 3, no potion heal 1
a: Heroism, Renounce Religion


You were on level 7 of the Dungeon.
You worshipped Okawaru.
Okawaru was pleased with you.
You were full.

You visited 1 branch of the dungeon, and saw 8 of its levels.

You collected 395 gold pieces.

Inventory:

Missiles
 c - 2 large rocks
 d - 3 throwing nets
 e - 39 poisoned needles
 q - 7 tomahawks of returning
 C - 174 stones (quivered)
 H - 5 tomahawks
Armour
 b - a +0 robe (worn)
 l - a +0 cloak (worn)
Jewellery
 i - an uncursed ring of positive energy
 v - an uncursed ring of flight
 y - a cursed ring of fire
 z - a +3 ring of slaying (left claw)
 A - a cursed -6 ring of evasion {unknown}
 F - a ring of stealth (right claw)
Wands
 w - a wand of polymorph (12)
 D - a wand of iceblast (11)
Scrolls
 a - 2 scrolls of identify
 k - a scroll of magic mapping {unknown}
 o - 3 scrolls of remove curse
 r - a scroll of noise
 s - 9 scrolls of teleportation
Potions
 g - a potion of brilliance {unknown}
 h - a potion of ambrosia {unknown}
 j - 2 potions of haste {unknown}
 m - 2 potions of flight {unknown}
 n - 2 potions of curing {unknown}
 p - 4 potions of heal wounds
 t - 2 potions of lignification {unknown}
 u - a potion of agility {unknown}
 x - 3 potions of cancellation
 B - 3 potions of resistance {unknown}
 E - a potion of berserk rage {unknown}
Comestibles
 f - 27 rations


   Skills:
 * Level 1.8(1.7) Fighting
 - Level 11.2 Throwing
 - Level 1.5 Dodging
 - Level 0.3 Stealth


You had 8 spell levels left.
You didn't know any spells.
Your spell library contained the following spells:

 Spells                   Type           Power        Failure   Level  Hunger
 Beastly Appendage        Tmut           #.....       47%         1    ##.....
 Magic Dart               Conj           #...         47%         1    ##.....
 Sandblast                Erth           #.....       47%         1    ##.....
 Blink                    Tloc           N/A          63%         2    ###....
 Call Imp                 Summ           #.......     63%         2    ###....
 Passwall                 Tmut/Erth      #.......     63%         2    ###....
 Slow                     Hex            #.......     63%         2    ###....
 Sticks to Snakes         Tmut           #.......     63%         2    ###....
 Conjure Flame            Conj/Fire      #.......     85%         3    ####...
 Mephitic Cloud           Conj/Pois/Air  #.......     85%         3    ####...
 Spider Form              Tmut/Pois      #.........   85%         3    ####...
 Stone Arrow              Conj/Erth      #.....       85%         3    ####...
 Ice Form                 Ice/Tmut       #.......     99%         4    #####..
 Petrify                  Tmut/Erth      #.......     99%         4    #####..
 Blade Hands              Tmut           #.........   100%        5    ######.
 Lee's Rapid Deconstruct  Erth           #.........   100%        5    ######.


Dungeon Overview and Level Annotations

Branches:
Dungeon (8/15)             Temple (0/1) D:4
   Lair: D:8-11

Altars:
Ashenzari
Makhleb
Nemelex Xobeh
Okawaru
Trog
The Shining One

Annotations:
D:5 3 runed translucent doors, kiryas's ghost, novice TrMo


Innate Abilities, Weirdness & Mutations

You are too large for most types of armour.
You have claws for hands.
Your metabolism is lightning-fast.
You like to eat raw meat.
Your natural rate of healing is unusually fast.
You are covered in fur. (AC +1)
You have extremely tough skin. (AC +3)
You are partially covered in large bone plates. (SH +4)
You have a somewhat thin skeletal structure. (Dex +2, Stealth)
Your body sometimes deteriorates upon taking damage.
You are robust. (+10% HP)
Potions are less effective at restoring your health.


Message History

The two-headed ogre misses you.
Throwing (i - inventory. (/) - cycle)
C - 175 stones (quivered)
Press: ? - help, Shift-Dir - straight line, f/p - two-headed ogre
Aim: a two-headed ogre, wielding two +0 giant clubs (moderately wounded)
You throw a stone. The stone hits the two-headed ogre.
The two-headed ogre is moderately wounded.
There is a stone staircase leading down, spattered with blood here.
The two-headed ogre hits you with a +0 giant club!
The two-headed ogre barely misses you.
You scratch the two-headed ogre.
The two-headed ogre is moderately wounded.
The two-headed ogre hits you with a +0 giant club!
* * * LOW HITPOINT WARNING * * *
The two-headed ogre barely misses you.
You scratch the two-headed ogre.
The two-headed ogre is heavily wounded.
The two-headed ogre hits you with a +0 giant club!
* * * LOW HITPOINT WARNING * * *
The two-headed ogre hits you with a +0 giant club!
You die...

############
####......>...#
##.##.########.#
#..........# #.#
##.##.####.# #.#
#.##O####.###>#
#.##@##.....#(#
####
#.##.##.#.#.#.#
#...
#.##..........#
#.##
#.#####.#.#.###
#.# #.# #.....#
#.# #.# ###.###
#.# #########.#
#.# #.#
#.......#.####
#.########.#
#.#####.#....#
#..........#


You could see a two-headed ogre.

Vanquished Creatures
  A water moccasin (D:6)
  An ice beast (D:7)
  2 sky beasts
  2 ogres
  A centaur (D:6)
  3 bullfrogs
  A water moccasin zombie (D:7)
  A wyvern skeleton (D:8)
  3 wights (D:8)
  2 howler monkeys (D:4)
  A quasit (D:6)
  A jelly (D:5)
  3 orc priests
  3 centaur skeletons
  3 hounds
  3 worker ants
  Terence (D:3)
  5 iguanas
  3 orc wizards
  A worker ant zombie (D:6)
  4 gnolls (D:7)
  7 adders
  An adder skeleton (D:4)
  5 worms
  3 dart slugs
  3 leopard geckos
  29 orcs
  6 giant cockroaches
  5 goblins
  12 hobgoblins
  13 jackals
  3 quokkas
  A ball python (D:3)
  5 bats
  4 frilled lizards
  6 kobolds
  12 rats
160 creatures vanquished.

Notes
Turn   | Place    | Note
-------+----------+-------------------------------------------
     0 | D:1      | Mrkan the Troll Hunter began the quest for the Orb.
     0 | D:1      | Reached XP level 1. HP: 19/19 MP: 0/0
   148 | D:1      | Reached skill level 4 in Throwing
   162 | D:1      | Reached XP level 2. HP: 25/27 MP: 1/1
   426 | D:1      | Reached XP level 3. HP: 33/33 MP: 2/2
  1001 | D:2      | Reached skill level 5 in Throwing
  1011 | D:2      | Found a shattered altar of Ashenzari.
  1034 | D:2      | Found an iron altar of Okawaru.
  1188 | D:2      | Reached XP level 4. HP: 41/41 MP: 3/3
  1244 | D:2      | Became a worshipper of Warmaster Okawaru
  1836 | D:3      | Noticed Terence
  1848 | D:3      | Killed Terence
  1848 | D:3      | Reached XP level 5. HP: 36/48 MP: 4/4
  1901 | D:3      | Reached skill level 6 in Throwing
  2426 | D:4      | Reached XP level 6. HP: 55/55 MP: 5/5
  2636 | D:4      | Found a staircase to the Ecumenical Temple.
  2714 | D:4      | Found a sparkling altar of Nemelex Xobeh.
  2758 | D:4      | Reached skill level 7 in Throwing
  2792 | D:4      | Reached * piety under Okawaru
  2801 | D:4      | HP: 1/55 [iguana (4)]
  3171 | D:4      | Gained mutation: You occasionally shout uncontrollably at
                  | your foes. [potion of mutation]
  3171 | D:4      | Gained mutation: You have an increased reservoir of magic.
                  | (+10% MP) [potion of mutation]
  3172 | D:4      | Lost mutation: You occasionally shout uncontrollably at
                  | your foes. [potion of mutation]
  3172 | D:4      | Lost mutation: You have an increased reservoir of magic.
                  | (+10% MP) [potion of mutation]
  3172 | D:4      | Gained mutation: Potions are less effective at restoring
                  | your health. [potion of mutation]
  3172 | D:4      | Gained mutation: You have a somewhat thin skeletal
                  | structure. (Dex +2, Stealth) [potion of mutation]
  3173 | D:4      | Gained mutation: Your body sometimes deteriorates upon
                  | taking damage. [potion of mutation]
  3173 | D:4      | Gained mutation: You are robust. (+10% HP) [potion of
                  | mutation]
  3173 | D:4      | Gained mutation: You are partially covered in large bone
                  | plates. (SH +4) [potion of mutation]
  3192 | D:5      | Entered Level 5 of the Dungeon
  3255 | D:5      | Reached XP level 7. HP: 68/68 MP: 6/6
  3265 | D:5      | Found a runed translucent gate.
  3265 | D:5      | Found a runed translucent gate.
  3269 | D:5      | Found a runed translucent gate.
  3281 | D:5      | Noticed kiryas's ghost (novice TrMo)
  3543 | D:5      | Found a burning altar of Makhleb.
  3700 | D:6      | Reached skill level 8 in Throwing
  4020 | D:6      | Reached skill level 9 in Throwing
  4163 | D:6      | HP: 2/68 [iguana (9)]
  4166 | D:6      | Reached ** piety under Okawaru
  4171 | D:6      | Reached XP level 8. HP: 12/77 MP: 7/7
  4437 | D:6      | Found a bloodstained altar of Trog.
  4449 | D:6      | Found a glowing golden altar of the Shining One.
  4791 | D:7      | Reached skill level 10 in Throwing
  5499 | D:8      | Reached skill level 11 in Throwing
  5596 | D:8      | Reached XP level 9. HP: 64/83 MP: 8/8
  5610 | D:8      | Noticed a two-headed ogre
  5754 | D:7      | HP: 1/86 [two-headed ogre/+0 giant club (14)]
  5754 | D:7      | Mangled by a two-headed ogre

Skill      XL: |  1  2  3  4  5  6  7  8 |
---------------+-------------------------+-----
Throwing       | 4 5 6 7 9 11 | 11.2
Fighting       | |  1.8
Dodging        | |  1.5
Stealth        | |  0.3

Action                   |  1- 3 |  4- 6 |  7- 9 || total
-------------------------+-------+-------+-------++-------
Melee: Unarmed           |   147 |   282 |   285 ||   714
Throw: Large rock        |       |     3 |     9 ||    12
       Stone             |       |       |     4 ||     4
Invok: Heroism           |       |       |     2 ||     2
  Use: Scroll            |       |    13 |     2 ||    15
       Potion            |       |     3 |     1 ||     4
 Stab: Sleeping          |     1 |     3 |     3 ||     7
  Eat: Chunk             |     9 |    26 |    22 ||    57
Armor: Robe              |    49 |   108 |   115 ||   272
Dodge: Dodged            |    69 |   143 |   160 ||   372
Block: Other             |       |     1 |    55 ||    56
